 Dungeon Crawl Stone Soup version 0.31.0-7-gf635a9b802 (webtiles) character file.

Game seed: 9998553957737122023

81502 Luthien the Devastator (level 15, -4/84 HPs)
             Began as a Deep Elf Conjurer on Jan 21, 2024.
             Was a High Priest of Vehumet.
             Killed from afar by a will-o-the-wisp (15 damage)
             ... with a foxfire
             ... on level 1 of the Swamp on Jan 23, 2024.
             The game lasted 03:12:48 (41751 turns).

Luthien the Devastator (Deep Elf Conjurer)         Turns: 41751, Time: 03:12:49

Health: -4/84      AC:  7    Str:  4    XL:     15   Next: 26%
Magic:  22/35      EV: 16    Int: 37    God:    Vehumet [*****.]
Gold:   640        SH:  0    Dex: 13    Spells: 13/42 levels left

rFire   . . .        H - +5 dagger "Paschi" {freeze, rElec}
rCold   . . .        (no shield)
rNeg    . . .        k - +2 robe {Will+}
rPois   .            V - +0 helmet
rElec   +            (no cloak)
rCorr   .            o - +0 pair of gloves
SInv    .            r - +0 pair of boots
Will    +++..        f - amulet of regeneration
Stlth   +++          i - +6 ring of intelligence
HPRegen 1.14/turn    L - ring of willpower
MPRegen 0.24/turn

%: no passive effects
@: no status effects
A: no striking features
a: Renounce Religion


You were on level 1 of the Swamp.
You worshipped Vehumet.
Vehumet was extremely pleased with you.
You visited 5 branches of the dungeon, and saw 22 of its levels.

You collected 1362 gold pieces.
You spent 722 gold pieces at shops.

Inventory:

Hand Weapons
 l - a -1 demon whip of freezing
 H - the +5 dagger "Paschi" (weapon) {freeze, rElec}
   (You took it off a hobgoblin on level 4 of the Dungeon)

   rElec:     It insulates you from electricity.
 I - the +2 shortbow "Lawes" {heavy, rF+}
   (You found it on level 2 of the Spider Nest)

   rF+:       It protects you from fire.
Missiles
 d - 8 throwing nets (quivered)
 n - 194 stones
 A - 7 boomerangs
 B - 2 curare-tipped darts
 Q - 22 poisoned darts
Armour
 k - a +2 robe of willpower (worn)
 o - a +0 pair of gloves (worn)
 r - a +0 pair of boots (worn)
 w - a +0 buckler
 V - a +0 helmet (worn)
 Z - a +0 kite shield
Magical Staves
 u - a staff of alchemy
Jewellery
 c - a ring of ice
 f - an amulet of regeneration (around neck)
 i - a +6 ring of intelligence (left hand)
 F - a ring of resist corrosion
 L - a ring of willpower (right hand)
 T - a ring of fire
Wands
 C - a wand of flame (52)
 E - a wand of mindburst (23)
 M - a wand of polymorph (4)
 P - a wand of digging (5)
 W - a wand of paralysis (18)
 Y - a wand of light (12)
Scrolls
 m - 2 scrolls of fog
 p - 2 scrolls of revelation
 q - 3 scrolls of identify
 t - 2 scrolls of fear {unknown}
 v - a scroll of amnesia
 x - 2 scrolls of torment
 y - 6 scrolls of teleportation
 z - a scroll of brand weapon
 D - 2 scrolls of vulnerability
 G - a scroll of poison
 O - 2 scrolls of butterflies
 S - 2 scrolls of silence
 U - a scroll of enchant weapon {unknown}
 X - a scroll of immolation
Potions
 a - a potion of ambrosia
 b - 2 potions of magic
 e - 10 potions of curing
 g - 4 potions of might
 h - 8 potions of enlightenment
 j - 2 potions of brilliance
 s - 4 potions of resistance
 J - 3 potions of heal wounds
 K - 3 potions of lignification
 N - 2 potions of invisibility
 R - a potion of berserk rage


   Skills:
 - Level 6.0 Fighting
 - Level 10.0 Dodging
 - Level 5.0 Stealth
 - Level 14.0 Spellcasting
 - Level 17.0 Conjurations
 - Level 5.0 Summonings
 - Level 5.0 Translocations
 - Level 2.9 Ice Magic
 + Level 15.7 Earth Magic
 - Level 5.0 Alchemy
 - Level 5.0 Evocations


You had 13 spell levels left.
You knew the following spells:

 Your Spells              Type           Power      Damage    Failure   Level
a - Stone Arrow           Conj/Erth      100%       3d13      0%          3
b - Searing Ray           Conj           100%       2d8       0%          2
i - Iskenderun's Mystic   Conj/Tloc      82%        2d16      1%          4
p - Fulminant Prism       Conj/Alch      41%        3d19      1%          4
A - Summon Ice Beast      Ice/Summ       53%        N/A       1%          3
B - Iskenderun's Battles  Conj           100%       2d15      1%          5
C - Lehudib's Crystal Sp  Conj/Erth      49%        10d12     3%          8

Your spell library contained the following spells:

 Spells                   Type           Power      Damage    Failure   Level
 Brom's Barrelling Bould  Conj/Erth      98%        2d11      0%          4
 Magic Dart               Conj           100%       1d8       0%          1
 Summon Small Mammal      Summ           100%       N/A       1%          1
 Call Canine Familiar     Summ           58%        N/A       1%          3
 Dazzling Flash           Conj/Hex       100%       N/A       1%          3
 Hailstorm                Conj/Ice       79%        3d13      1%          3
 Volatile Blastmotes      Fire/Tloc      88%        2d17      1%          3
 Leda's Liquefaction      Alch/Erth      40%        N/A       1%          4
 Passage of Golubria      Tloc           58%        N/A       1%          4
 Arcjolt                  Conj/Air       36%        1d46      1%          5
 Lee's Rapid Deconstruct  Erth           48%        3d23*     1%          5
 Bombard                  Conj/Erth      49%        9d8       1%          6
 Starburst                Conj/Fire      36%        6d11      1%          6
 Spellforged Servitor     Conj/Summ      41%        N/A       3%          7
 Summon Blazeheart Golem  Fire/Summ      44%        N/A       4%          4
 Vhi's Electric Charge    Tloc/Air       88%        N/A       4%          4
 Silence                  Hex/Air        12%        N/A       36%         5
 Sculpt Simulacrum        Ice/Alch       26%        N/A       41%         6
 Plasma Beam              Fire/Air       12%        2x1d23    45%         6
 Maxwell's Capacitive Co  Air            12%        ∞         100%        8


Dungeon Overview and Level Annotations

Branches:
Dungeon (12/15)            Temple (1/1) D:4            Lair (5/5) D:9
  Swamp (1/4) Lair:2       Spider (3/4) Lair:3        Slime (0/5) Lair:4
    Orc (0/2) D:9

Altars:
Ashenzari
Cheibriados
Dithmenos
Elyvilon
Fedhas
Gozag
Hepliaklqana
Kikubaaqudgha
Makhleb
Nemelex Xobeh
Okawaru
Qazlal
Ru
Sif Muna
Trog
Uskayaw
Vehumet
Wu Jian
Xom
Yredelemnul
Zin
The Shining One
Jiyva

Shops:
D:2 *   D:5 :   D:11 *

Annotations:
D:9 1 runed translucent door, Galthrax's ghost, novice GnSh
Lair:1 exclusion: 2 downstairs
Lair:2 3 runed translucent doors bad fish, mohammadb5305's ghost, journeyman MiFi
Lair:5 2 runed translucent doors
Spider:2 exclusion: downstairs
Spider:3 !Mara, Mara


Message History

You start waiting.
Done waiting.
You climb downwards.
Welcome back to the Swamp!
This branch is noisy: sounds don't travel as far here.
This branch contains the decaying rune of Zot.
The seven-headed hydra misses you.
The seven-headed hydra barely misses you.
The seven-headed hydra bites you! x3; The seven-headed hydra misses you.
The seven-headed hydra bites you but does no damage.
There is a staircase back to the Lair, spattered with blood here.
Casting: Lehudib's Crystal Spear (dangerous; 3% risk of failure)
Confirm with . or Enter, or press ? or * to list all spells.
Aiming: Lehudib's Crystal Spear (dangerous; 3% risk of failure)
Press: ? - help, Shift-Dir - straight line, f - seven-headed hydra
Aim: a seven-headed hydra (94% to hit)
The crystal spear hits the seven-headed hydra!!!
The seven-headed hydra is almost dead.
The seven-headed hydra bites you but does no damage.
The seven-headed hydra completely misses you.
The seven-headed hydra bites you! x2
The seven-headed hydra bites you but does no damage.
The seven-headed hydra closely misses you.
The seven-headed hydra bites you!
The will-o-the-wisp gestures.
The will-o-the-wisp conjures some marshlight! 2 foxfires come into view.
Casting: Lehudib's Crystal Spear (dangerous; 3% risk of failure)
Confirm with . or Enter, or press ? or * to list all spells.
Aiming: Lehudib's Crystal Spear (dangerous; 3% risk of failure)
Press: ? - help, Shift-Dir - straight line, f/p - seven-headed hydra
Aim: a seven-headed hydra (almost dead, 94% to hit)
The crystal spear hits the seven-headed hydra!!!!
You kill the seven-headed hydra!
Vehumet accepts your kill.
You feel your power returning. The foxfire hits you!!
* * * LOW HITPOINT WARNING * * *
The will-o-the-wisp blinks!
The spriggan rider completely misses you.
The foxfire hits you!
You die...

.~v.... .~....~
~..~~.~ ♣♣
~~§§§~~ ♣♣~♣
.§~§.~~
(.♣♣~..♣§i§~.~~
~...~.~v.§~.~~~
§..~~~~@§~~~.~~
.>.♣♣♣..~~~..♣♣
♣♣~~~~~...
♣.~~~~~..
♣.~~~~...
♣♣~~~~~~.
.~~~~~. .~~~~.§


You could see a spriggan rider and a will-o-the-wisp.

Vanquished Creatures
  2 emperor scorpions (Spider:1)
  2 entropy weavers (Spider:1)
  Harold (Lair:2)
  4 hydras
  2 catoblepae
  A boulder beetle (Spider:1)
  3 radroaches (Spider:1)
  5 two-headed ogres
  10 death yaks
  8 demonic crawlers (Spider:1)
  Nergalle (Lair:2)
  Amaemon (Lair:2)
  2 skysharks
  3 pharaoh ants
  3 sun moths (Spider:1)
  A lindwurm (Lair:5)
  4 orb spiders
  5 steelbarb worms (Spider:1)
  5 wolf spiders
  6 meliai
  2 manticores (D:11)
  A moth of wrath (Spider:1)
  Joseph (D:8)
  4 black mambas
  3 molten gargoyles (Lair:5)
  2 unseen horrors
  9 cane toads
  An orange demon (Lair:2)
  Maggie (D:9)
  2 torpor snails (Spider:1)
  3 kobold demonologists (D:10)
  Psyche (D:10)
  2 rime drakes
  12 komodo dragons
  9 tarantellas (Spider:1)
  2 polar bears (D:9)
  Grinder (D:4)
  10 blink frogs (Lair:4)
  Prince Ribbit (D:6)
  4 dream sheep (Lair:4)
  6 hornets
  11 culicivoras
  39 yaks
  A vampire (D:9)
  A shadow (D:11)
  12 jumping spiders
  4 wyverns
  8 basilisks
  33 redbacks
  8 steam dragons
  4 vampire mosquitoes (D:12)
  2 acid dragons
  4 hell hounds (Lair:5)
  22 water moccasins
  13 orc warriors
  4 black bears
  7 ice beasts
  A sky beast (D:6)
  2 centaurs
  4 boggarts (D:12)
  A wolf (D:9)
  2 phantoms
  5 kobold brigands
  4 bullfrogs
  2 gnoll sergeants (D:9)
  2 scorpions
  6 wights
  12 killer bees
  A bombardier beetle (D:3)
  5 howler monkeys
  3 lava snakes (Lair:5)
  2 jellies
  6 hounds
  7 orc priests
  3 gnoll boudas
  7 iguanas
  22 orc wizards
  4 hell rats (Lair:5)
  Robin (D:4)
  41 gnolls
  10 adders
  2 shadow imps (D:6)
  2 white imps
  2 ufetubi (D:5)
  A ribbon worm (D:2)
  63 orcs
  7 endoplasms
  5 giant cockroaches
  10 goblins
  13 hobgoblins
  18 jackals
  27 kobolds
  6 quokkas
  8 ball pythons
  2 bats
  3 frilled lizards (D:3)
  5 rats
646 creatures vanquished.

Vanquished Creatures (others)
  A bloated husk (Swamp:1)
  A yak (Lair:4)
  3 foxfires (Swamp:1)
  421 fulminant prisms
426 creatures vanquished.

Grand Total: 1072 creatures vanquished

Notes
Turn   | Place    | Note
-------+----------+-------------------------------------------
     0 | D:1      | Luthien the Deep Elf Conjurer began the quest for the Orb.
     0 | D:1      | Reached XP level 1. HP: 10/10 MP: 6/6
   154 | D:1      | Found a faded altar of an unknown god.
   154 | D:1      | Noticed a neqoxec
   405 | D:1      | Reached XP level 2. HP: 15/15 MP: 5/8
   408 | D:1      | Learned a level 2 spell: Searing Ray
  1468 | D:2      | Reached XP level 3. HP: 19/19 MP: 5/10
  1588 | D:2      | Reached skill level 5 in Conjurations
  1862 | D:2      | Reached XP level 4. HP: 24/24 MP: 6/12
  1969 | D:2      | Found a shadowy altar of Dithmenos.
  2385 | D:2      | Found Kosux's General Store.
  2930 | D:3      | Reached skill level 5 in Spellcasting
  3155 | D:3      | Reached XP level 5. HP: 28/28 MP: 6/14
  3321 | D:3      | Found a shadowy altar of Dithmenos.
  3328 | D:3      | Found a shimmering altar of Xom.
  4066 | D:3      | Reached skill level 6 in Conjurations
  4557 | D:3      | Reached XP level 6. HP: 29/32 MP: 2/17
  5115 | D:3      | Reached skill level 1 in Fighting
  5182 | D:2      | Learned a level 4 spell: Fulminant Prism
  5263 | D:3      | Reached skill level 7 in Conjurations
  5277 | D:3      | Reached skill level 1 in Alchemy
  5533 | D:3      | Reached XP level 7. HP: 38/38 MP: 14/18
  6235 | D:4      | Noticed Grinder
  6337 | D:4      | Killed Grinder
  6338 | D:4      | Reached skill level 5 in Alchemy
  6798 | D:2      | Bought a scroll of blinking for 90 gold pieces
  6798 | D:2      | Bought 3 scrolls of identify for 72 gold pieces
  6945 | D:4      | Noticed Robin
  6952 | D:4      | Killed Robin
  7087 | D:4      | Identified the +5 dagger "Paschi" {freeze, rElec}
  7118 | D:4      | Reached XP level 8. HP: 34/43 MP: 7/20
  7439 | D:4      | Reached skill level 8 in Conjurations
  7493 | D:4      | Found a sacrificial altar of Ru.
  7846 | D:4      | Found a staircase to the Ecumenical Temple.
  7921 | D:4      | Found a white marble altar of Elyvilon.
  8004 | Temple   | Entered the Ecumenical Temple
  8050 | D:5      | Entered Level 5 of the Dungeon
  8571 | D:5      | Reached skill level 5 in Stealth
  8779 | D:5      | Reached skill level 5 in Dodging
  9134 | D:5      | Found Coras's Book Emporium.
  9396 | D:6      | Reached XP level 9. HP: 52/52 MP: 9/21
  9403 | D:5      | Learned a level 4 spell: Iskenderun's Mystic Blast
  9466 | D:6      | Noticed Prince Ribbit
  9469 | D:6      | Reached skill level 1 in Translocations
  9722 | D:6      | Reached skill level 5 in Fighting
 10213 | D:6      | Killed Prince Ribbit
 10386 | D:6      | Reached skill level 5 in Translocations
 11119 | D:7      | Identified the +7 falchion of Esaqih {heavy, Stlth+}
 11123 | D:7      | Reached skill level 9 in Conjurations
 11593 | D:7      | Reached skill level 10 in Conjurations
 11597 | D:7      | Learned a level 3 spell: Summon Ice Beast
 11686 | D:7      | Reached skill level 1 in Summonings
 12059 | D:7      | Reached XP level 10. HP: 59/59 MP: 10/22
 12269 | D:7      | Found a radiant altar of Vehumet.
 12275 | D:7      | Became a worshipper of Vehumet
 12690 | D:8      | Reached skill level 5 in Summonings
 12706 | D:8      | Noticed Joseph
 13238 | D:8      | Killed Joseph
 13528 | D:8      | Noticed a two-headed ogre
 13543 | D:8      | Killed a two-headed ogre
 13891 | D:8      | Found a burning altar of Makhleb.
 13977 | D:8      | Reached skill level 1 in Ice Magic
 14943 | D:8      | Found a basalt altar of Yredelemnul.
 15080 | D:9      | Noticed Maggie
 15089 | D:9      | Killed Maggie
 15090 | D:9      | Reached skill level 11 in Conjurations
 15238 | D:9      | Noticed a two-headed ogre
 15621 | D:9      | Found a staircase to the Lair.
 15638 | D:9      | Killed a two-headed ogre
 15638 | D:9      | Reached * piety under Vehumet
 15638 | D:9      | Offered knowledge of Shock by Vehumet.
 15639 | D:9      | Reached skill level 12 in Conjurations
 15639 | D:9      | Reached XP level 11. HP: 63/63 MP: 9/25
 16653 | D:9      | Reached skill level 13 in Conjurations
 16813 | D:9      | Found a runed translucent door.
 16814 | D:9      | Noticed Galthrax's ghost (novice GnSh)
 16814 | D:9      | Noticed a five-headed hydra
 17099 | D:9      | Reached ** piety under Vehumet
 17235 | D:9      | Offered knowledge of Momentum Strike by Vehumet.
 17462 | D:9      | Found a staircase to the Orcish Mines.
 17514 | D:9      | Found a hide-covered altar of Uskayaw.
 17900 | D:10     | Entered Level 10 of the Dungeon
 17920 | D:10     | Noticed Psyche
 18201 | D:10     | Noticed a five-headed hydra
 18213 | D:10     | Killed a five-headed hydra
 18518 | D:10     | Noticed a two-headed ogre
 19186 | D:10     | Killed a two-headed ogre
 19186 | D:10     | Offered knowledge of Stone Arrow by Vehumet.
 19264 | D:9      | Learned a level 3 spell: Stone Arrow
 19314 | D:10     | Killed Psyche
 19881 | D:10     | Reached skill level 10 in Spellcasting
 19896 | D:10     | Reached skill level 14 in Conjurations
 20057 | D:10     | Reached *** piety under Vehumet
 20205 | D:11     | Found Ykiforgh's Mayhem Merchandise.
 20315 | D:11     | Noticed a two-headed ogre
 20733 | D:11     | Noticed a two-headed ogre
 20742 | D:11     | Killed a two-headed ogre
 20743 | D:11     | Reached XP level 12. HP: 68/68 MP: 19/28
 20766 | D:11     | Reached skill level 5 in Evocations
 20781 | D:11     | Killed a two-headed ogre
 21464 | Lair:1   | Entered Level 1 of the Lair of Beasts
 21586 | Lair:1   | Offered knowledge of Frozen Ramparts by Vehumet.
 21590 | Lair:1   | Reached skill level 10 in Dodging
 22020 | D:5      | Bought a book of the Moon for 560 gold pieces
 22029 | D:5      | Learned a level 8 spell: Lehudib's Crystal Spear
 22551 | Lair:1   | Reached skill level 1 in Earth Magic
 23751 | Lair:2   | Found a runed translucent gate.
 23751 | Lair:2   | Found a runed translucent gate.
 23751 | Lair:2   | Found a runed translucent gate.
 23752 | Lair:2   | Noticed mohammadb5305's ghost (journeyman MiFi)
 23778 | Lair:2   | Found a staircase to the Swamp.
 23800 | Lair:2   | Noticed Amaemon
 23818 | Lair:2   | Killed Amaemon
 23818 | Lair:2   | Reached **** piety under Vehumet
 24083 | Lair:2   | Offered knowledge of Volatile Blastmotes by Vehumet.
 24188 | Lair:2   | Noticed Harold
 24193 | Lair:2   | Killed Harold
 24194 | Lair:2   | Reached skill level 5 in Earth Magic
 24309 | Lair:2   | Noticed Nergalle
 24315 | Lair:2   | Killed Nergalle
 24451 | Lair:2   | Found a viscous altar of Jiyva.
 25415 | D:12     | Noticed a boulder beetle
 25823 | Lair:3   | Noticed a four-headed hydra
 25829 | Lair:3   | Killed a four-headed hydra
 26061 | Lair:3   | Reached XP level 13. HP: 64/74 MP: 26/30
 26437 | Lair:3   | Found a hole to the Spider Nest.
 27620 | Lair:4   | Reached skill level 10 in Earth Magic
 28657 | Lair:4   | Found a viscous altar of Jiyva.
 28658 | Lair:4   | Found a staircase to the Slime Pits.
 29147 | Lair:4   | Learned a level 5 spell: Iskenderun's Battlesphere
 30147 | Lair:4   | Reached ***** piety under Vehumet
 30659 | Lair:5   | Entered Level 5 of the Lair of Beasts
 30840 | Lair:5   | Offered knowledge of Starburst by Vehumet.
 31297 | Lair:5   | Reached XP level 14. HP: 80/80 MP: 15/31
 32146 | Lair:5   | Reached skill level 15 in Conjurations
 32545 | Lair:5   | Found a large runed translucent door.
 32662 | Lair:5   | Found a large runed translucent door.
 33767 | Swamp:1  | Entered Level 1 of the Swamp
 33879 | Spider:1 | Entered Level 1 of the Spider Nest
 33889 | Spider:1 | Noticed an emperor scorpion
 33896 | Spider:1 | Killed an emperor scorpion
 35898 | Spider:1 | Reached skill level 15 in Earth Magic
 36114 | Spider:1 | HP: 4/80 [steelbarb worm (13)]
 36234 | Lair:3   | Upgraded the game from 0.31.0-4-g52a2dc7128 to
                  | 0.31.0-7-gf635a9b802
 36386 | Spider:1 | Noticed an emperor scorpion
 36393 | Spider:1 | Killed an emperor scorpion
 36521 | Spider:1 | Reached skill level 16 in Conjurations
 37851 | Spider:1 | Reached XP level 15. HP: 84/84 MP: 16/35
 38841 | Spider:1 | Reached skill level 17 in Conjurations
 40188 | Spider:2 | Identified the +2 shortbow "Lawes" {heavy, rF+}
 41084 | Spider:3 | Offered knowledge of Brom's Barrelling Boulder by Vehumet.
 41477 | Spider:3 | Noticed Mara
 41751 | Swamp:1  | Killed from afar by a will-o-the-wisp

Illustrated notes

Levels and vault maps discovered:
D:1:      dpeg_arrival_rooms_c, layout_basic,
          dreamdust_ecumenical_altar_sealed_demon
D:2:      layout_basic, serial_shops, shop, basic_altar
D:3:      lemuel_castle_with_subvaults [lemuel_castle_interior_carwin_2],
          layout_basic, mainiacjoe_overflow_catwalk_spiral
D:4:      layout_rooms, mainiacjoe_overflow_two_lobes, lemuel_temple_firewalk_b,
          mrwooster_statue_mirror, uniq_grinder, uniq_robin
D:5:      layout_cave_pools, serial_shops, shop
D:6:      layout_basic, st_stairs_5, uniq_prince_ribbit1
D:7:      layout_basic, vehumet_crystals
D:8:      layout_basic, mainiacjoe_overflow_alcove_1, marbit_many_paths,
          hangedman_decor_opposing, kennysheep_generic_room_11, uniq_joseph
D:9:      layout_gridville, nicolae_uskayaw_dance_studio,
          hellmonk_lair_entry_icy, david_orc_4, ebering_ghost_inner_flame,
          uniq_maggie
D:10:     layout_gridville, minmay_misc_feat_plants, uniq_psyche
D:11:     layout_irregular_city, minmay_shop_mayhem
D:12:     layout_basic, kennysheep_generic_room_14
Temple:   nicolae_temple_superstar
Lair:1:   layout_long_grid, chequers_serial_rivers_marsh,
          chequers_serial_rivers_room_b
Lair:2:   layout_chaotic_city, swamp_mist, gammafunk_ghost_ooze, uniq_amaemon,
          uniq_harold, uniq_nergalle
Lair:3:   layout_layer_cave, nicolae_spider_entry_tight_spaces
Lair:4:   layout_roguey, slime_entry_1, nicolae_lair_grazing_beasts
          [nicolae_sub_lair_graze_edge, nicolae_sub_lair_graze_edge,
          nicolae_sub_lair_graze_edge, nicolae_sub_lair_graze_edge]
Lair:5:   cheibrodos_lair_end_hotspot, layout_regular_city
Swamp:1:  nicolae_swamp_ascending_descending, layout_basic_swamp,
          evilmike_swamp_ruin_rubble_2, swamp_pool_3
Spider:1: nicolae_spider_corner, nicolae_spider_solar_radiation
Spider:2: layout_spider_delve, nicolae_spider_spiderdrome
Spider:3: layout_spider_delve, nicolae_spider_orb_run, uniq_mara

Skill      XL: |  1  2  3  4  5  6  7  8  9 10 11 12 13 14 15 |
---------------+----------------------------------------------+-----
Spellcasting   | 4 5 6 7 8 10 11 14 | 14.0
Conjurations   | 5 6 7 8 10 12 14 16 17 | 17.0
Dodging        | 3 5 7 8 10 | 10.0
Stealth        | 3 5 |  5.0
Fighting       | 1 4 5 6 |  6.0
Alchemy        | 2 5 |  5.0
Translocations | 5 |  5.0
Summonings     | 3 5 |  5.0
Ice Magic      | 2 |  2.9
Evocations     | 4 5 |  5.0
Earth Magic    | 8 14 15 | 15.7

Action                     |  1- 3 |  4- 6 |  7- 9 | 10-12 | 13-15 || total
---------------------------+-------+-------+-------+-------+-------++-------
  Melee: Dagger            |       |       |       |    21 |    13 ||    34
  Throw: Throwing net      |       |       |       |     1 |       ||     1
   Cast: Magic Dart        |    21 |    63 |    74 |    14 |       ||   172
         Searing Ray       |    16 |    48 |    46 |    18 |       ||   128
         Fulminant Prism   |       |       |    70 |   206 |   147 ||   423
         Summon Ice Beast  |       |       |       |     1 |       ||     1
         Stone Arrow       |       |       |       |    95 |   217 ||   312
         Iskenderun's Batt |       |       |       |       |    72 ||    72
         Lehudib's Crystal |       |       |       |       |    61 ||    61
    Use: Scroll            |       |       |     6 |    11 |     9 ||    26
         Potion            |       |       |       |       |     3 ||     3
 Armour: Robe              |     1 |       |       |    49 |   116 ||   166
         Leather armour    |     1 |     8 |       |       |       ||     9
         Skin              |       |       |    18 |    24 |       ||    42
         Steam dragon scal |       |       |       |    42 |       ||    42
  Dodge: Dodged            |       |     8 |    23 |   101 |    85 ||   217
  Block: Buckler           |       |     3 |       |    23 |    13 ||    39
